MLB
BALTIMORE ORIOLES @ OAKLAND ATHLETICS
08/04/2047
 
TOP OF THE 1ST
Baltimore Orioles batting - Pitching for Oakland Athletics : RHP Nick Kirk
Pitching: RHP Nick Kirk
Batting: RHB Saimei Kudo 0-0: Ball
1-0: Foul Ball, location: 2F
1-1: Called Strike
1-2: Strikes out swinging
Batting: RHB Rudo Garciaparra 0-0: Ball
1-0: Ball
2-0: Foul Ball, location: 2F
2-1: Ball
3-1: Called Strike
3-2: Ground out 6-3 (Groundball, 6, EV 83.1 MPH)
Batting: SHB Jason Hayes 0-0: Called Strike
0-1: Ball
1-1: Called Strike
1-2: Ball
2-2: Ball
3-2: Base on Balls
Batting: RHB Vince Jackson 0-0: Called Strike
0-1: Foul Ball, location: 2F
0-2: Strikes out looking
Top of the 1st over - 0 runs, 0 hits, 0 errors, 1 left on base; Baltimore 0 - Oakland 0
BOTTOM OF THE 1ST
Oakland Athletics batting - Pitching for Baltimore Orioles : LHP Randy Johnson Jr.
Pitching: LHP Randy Johnson Jr.
Batting: SHB Moe Lester 0-0: Ball
1-0: Swinging Strike
1-1: Foul Ball, location: 2F
1-2: Ball
2-2: Ball
3-2: Fly out, F9 (Flyball, 9LS, EV 86.2 MPH)
Batting: LHB Joel Kunkler 0-0: Ball
1-0: Ball
2-0: Ball
3-0: Called Strike
3-1: Base on Balls
Batting: RHB Muneo Kawachi 0-0: Ball
1-0: DOUBLE (Line Drive, 9LM, EV 110.0 MPH)
Joel Kunkler to third
Runner from 3rd tries for Home, SAFE, throw by RF to home
Batting: RHB Edwin Madrid 0-0: Ball
1-0: Called Strike
1-1: Swinging Strike
1-2: Strikes out swinging
Batting: RHB Nick Gentzel 0-0: SINGLE (Groundball, 56D, EV 93.8 MPH)
Muneo Kawachi to third
Runner from 3rd tries for Home, SAFE, throw by LF to home
Nick Gentzel to second
Batting: SHB Quincy Bradford 0-0: Ball
1-0: Called Strike
1-1: Foul Ball, location: 2F
1-2: Foul Ball, location: 2F
1-2: Strikes out swinging
Bottom of the 1st over - 2 runs, 2 hits, 0 errors, 1 left on base; Baltimore 0 - Oakland 2
TOP OF THE 2ND
Baltimore Orioles batting - Pitching for Oakland Athletics : RHP Nick Kirk
Batting: LHB Brad Pepin 0-0: Ball
1-0: Foul Ball, location: 2F
1-1: Ball
2-1: Foul Ball, location: 2F
2-2: Ball
3-2: Fly out, F6 (Popup, 6M, EV 76.2 MPH)
Batting: SHB Robert Handy 0-0: Ball
1-0: Called Strike
1-1: Ball
2-1: Called Strike
2-2: Foul Ball, location: 2F
2-2: Fly out, F4 (Line Drive, 4, EV 71.2 MPH)
Batting: LHB Tommy Luce 0-0: Called Strike
0-1: Ball
1-1: Foul Ball, location: 2F
1-2: Ball
2-2: Fly out, F8 (Line Drive, 8RD, EV 90.6 MPH)
Top of the 2nd over - 0 runs, 0 hits, 0 errors, 0 left on base; Baltimore 0 - Oakland 2
BOTTOM OF THE 2ND
Oakland Athletics batting - Pitching for Baltimore Orioles : LHP Randy Johnson Jr.
Batting: RHB Garry Hash 0-0: Ball
1-0: Ground out 1-3 (Groundball, 13, EV 64.4 MPH)
Batting: LHB Sakae Kasahara 0-0: Called Strike
0-1: Ground out U3 (Groundball, 34, EV 78.8 MPH)
Batting: SHB Ryan Langlois 0-0: Ball
1-0: Ball
2-0: Foul Ball, location: 2F
2-1: Called Strike
2-2: Foul Ball, location: 2F
2-2: SINGLE (Groundball, 5S, EV 73.8 MPH) (infield hit)
Batting: SHB Moe Lester 0-0: Swinging Strike
0-1: Swinging Strike
0-2: Ball
1-2: Ball
2-2: Foul Ball, location: 2F
2-2: Ground out 5-3 (Groundball, 56S, EV 91.9 MPH)
Bottom of the 2nd over - 0 runs, 1 hit, 0 errors, 1 left on base; Baltimore 0 - Oakland 2
TOP OF THE 3RD
Baltimore Orioles batting - Pitching for Oakland Athletics : RHP Nick Kirk
Batting: SHB Gareth Busby 0-0: Ball
1-0: Ball
2-0: Called Strike
2-1: Called Strike
2-2: Foul Ball, location: 2F
2-2: Fly out, F8 (Flyball, 8LM, EV 91.9 MPH)
Batting: RHB Marc Peckermark 0-0: Called Strike
0-1: Ball
1-1: Called Strike
1-2: Ball
2-2: Strikes out swinging
Batting: RHB Saimei Kudo 0-0: Ball
1-0: Foul Ball, location: 2F
1-1: Called Strike
1-2: Strikes out swinging
Top of the 3rd over - 0 runs, 0 hits, 0 errors, 0 left on base; Baltimore 0 - Oakland 2
BOTTOM OF THE 3RD
Oakland Athletics batting - Pitching for Baltimore Orioles : LHP Randy Johnson Jr.
Batting: LHB Joel Kunkler 0-0: Foul Ball, location: 2F
0-1: Ball
1-1: Fly out, F9 (Flyball, 9, EV 91.2 MPH)
Batting: RHB Muneo Kawachi 0-0: Ground out 4-3 (Groundball, 34, EV 85.6 MPH)
Batting: RHB Edwin Madrid 0-0: Called Strike
0-1: Foul Ball, location: 2F
0-2: Foul Ball, location: 2F
0-2: Ball
1-2: Ball
2-2: Foul Ball, location: 2F
2-2: SINGLE (Groundball, 56D, EV 104.4 MPH)
Batting: RHB Nick Gentzel 0-0: Ball
1-0: Ball
2-0: Ball
3-0: Base on Balls
Edwin Madrid to second
Batting: SHB Quincy Bradford 0-0: Called Strike
0-1: Foul Ball, location: 2F
0-2: Strikes out swinging
Bottom of the 3rd over - 0 runs, 1 hit, 0 errors, 2 left on base; Baltimore 0 - Oakland 2
TOP OF THE 4TH
Baltimore Orioles batting - Pitching for Oakland Athletics : RHP Nick Kirk
Batting: RHB Rudo Garciaparra 0-0: Called Strike
0-1: Ball
1-1: Ball
2-1: Swinging Strike
2-2: Ball
3-2: SINGLE (Flyball, 7LS, EV 91.2 MPH)
Batting: SHB Jason Hayes 0-0: Ball
1-0: Called Strike
1-1: Ball
2-1: Swinging Strike
2-2: Ball
3-2: Hit by Pitch
Rudo Garciaparra to second
Batting: RHB Vince Jackson 0-0: Called Strike
0-1: Foul Ball, location: 2F
0-2: Ball
1-2: Foul Ball, location: 2F
1-2: Ball
2-2: Foul Ball, location: 2F
2-2: Ball
3-2: Foul Ball, location: 2F
3-2: Base on Balls
Rudo Garciaparra to third
Jason Hayes to second
Batting: LHB Brad Pepin 0-0: Called Strike
0-1: Fielders Choice at 2nd, 3-6 (Groundball, 3S, EV 78.1 MPH)
Rudo Garciaparra scores
Jason Hayes to third
Batting: SHB Robert Handy 0-0: Swinging Strike
0-1: Ball
1-1: Fly out, F8 (Flyball, 8RD, EV 100.0 MPH)
Runner from 3rd tags up, OUT at HOME! 8-2
Top of the 4th over - 1 run, 1 hit, 0 errors, 1 left on base; Baltimore 1 - Oakland 2
BOTTOM OF THE 4TH
Oakland Athletics batting - Pitching for Baltimore Orioles : LHP Randy Johnson Jr.
Batting: RHB Garry Hash 0-0: Ball
1-0: Called Strike
1-1: Swinging Strike
1-2: Foul Ball, location: 2F
1-2: Strikes out swinging
Batting: LHB Sakae Kasahara 0-0: Foul Ball, location: 2F
0-1: Called Strike
0-2: SINGLE (Line Drive, 89S, EV 90.0 MPH)
Batting: SHB Ryan Langlois 0-0: Foul Ball, location: 2F
0-1: Foul Ball, location: 2F
0-2: Ball
1-2: Strikes out swinging
Batting: SHB Moe Lester 0-0: Called Strike
0-1: SINGLE (Groundball, 6D, EV 94.4 MPH)
Sakae Kasahara to second
Batting: LHB Joel Kunkler 0-0: Ball
1-0: Called Strike
1-1: Ball
2-1: Fly out, F9 (Flyball, 9, EV 91.9 MPH)
Bottom of the 4th over - 0 runs, 2 hits, 0 errors, 2 left on base; Baltimore 1 - Oakland 2
TOP OF THE 5TH
Baltimore Orioles batting - Pitching for Oakland Athletics : RHP Nick Kirk
Batting: LHB Tommy Luce 0-0: Ball
1-0: Ball
2-0: Called Strike
2-1: Ground out 4-3 (Groundball, 34D, EV 106.2 MPH)
Batting: SHB Gareth Busby 0-0: Ball
1-0: Called Strike
1-1: Called Strike
1-2: Foul Ball, location: 2F
1-2: Ball
2-2: Strikes out swinging
Batting: RHB Marc Peckermark 0-0: Ball
1-0: Ball
2-0: Called Strike
2-1: Foul Ball, location: 2F
2-2: Strikes out swinging
Top of the 5th over - 0 runs, 0 hits, 0 errors, 0 left on base; Baltimore 1 - Oakland 2
BOTTOM OF THE 5TH
Oakland Athletics batting - Pitching for Baltimore Orioles : LHP Randy Johnson Jr.
Batting: RHB Muneo Kawachi 0-0: Called Strike
0-1: Ball
1-1: Swinging Strike
1-2: Strikes out swinging
Batting: RHB Edwin Madrid 0-0: Fly out, F8 (Flyball, 8RM, EV 92.5 MPH)
Batting: RHB Nick Gentzel 0-0: Ball
1-0: Ball
2-0: Foul Ball, location: 2F
2-1: Called Strike
2-2: Ball
3-2: Foul Ball, location: 2F
3-2: Ground out 6-3 (Groundball, 6, EV 83.8 MPH)
Bottom of the 5th over - 0 runs, 0 hits, 0 errors, 0 left on base; Baltimore 1 - Oakland 2
TOP OF THE 6TH
Baltimore Orioles batting - Pitching for Oakland Athletics : RHP Nick Kirk
Batting: RHB Saimei Kudo 0-0: Ball
1-0: Foul Ball, location: 2F
1-1: SOLO HOME RUN (Flyball, 7LD, EV 95.6 MPH), Distance : 343 ft
Pitching: RHP Joe Spampinato
Batting: RHB Rudo Garciaparra 0-0: Swinging Strike
0-1: Swinging Strike
0-2: Ball
1-2: Ground out 3-1 (Groundball, 34, EV 98.8 MPH)
Batting: SHB Jason Hayes 0-0: SINGLE (Groundball, 34D, EV 96.2 MPH)
Batting: RHB Vince Jackson 0-0: Called Strike
0-1: Fly out, F8 (Flyball, 8LXD, EV 99.4 MPH)
Batting: LHB Brad Pepin 0-0: Called Strike
0-1: Foul Ball, location: 2F
0-2: Strikes out swinging
Top of the 6th over - 1 run, 2 hits, 0 errors, 1 left on base; Baltimore 2 - Oakland 2
BOTTOM OF THE 6TH
Oakland Athletics batting - Pitching for Baltimore Orioles : LHP Randy Johnson Jr.
Batting: SHB Quincy Bradford 0-0: Ball
1-0: SINGLE (Line Drive, 6D, EV 104.4 MPH)
Batting: RHB Garry Hash 0-0: Ball
1-0: Foul Ball, location: 2F
1-1: Foul Ball, location: 2F
1-2: Ball
2-2: Ball
3-2: Foul Ball, location: 2F
3-2: Strikes out swinging
Pinch Hitting: RHB Philip Jansen 0-0: Ground out 6-3 (Groundball, 6S, EV 74.4 MPH)
Quincy Bradford to second
Pitching: RHP Jay Rapini
Batting: SHB Ryan Langlois 0-0: Called Strike
0-1: Ball
1-1: Ball
2-1: Ball
3-1: Foul Ball, location: 2F
3-2: Strikes out looking
Bottom of the 6th over - 0 runs, 1 hit, 0 errors, 1 left on base; Baltimore 2 - Oakland 2
TOP OF THE 7TH
Baltimore Orioles batting - Pitching for Oakland Athletics : RHP Joe Spampinato
Now at 1B: Jason May
Batting: SHB Robert Handy 0-0: Foul Ball, location: 2F
0-1: Ball
1-1: SINGLE (Flyball, 8RS, EV 85.6 MPH)
Batting: LHB Tommy Luce 0-0: Ball
1-0: Bunted foul
1-1: Ball
2-1: Sac Bunt to 25 - play at second, runner OUT! 5-6
Batting: SHB Gareth Busby 0-0: Called Strike
0-1: Called Strike
0-2: Ball
1-2: Ball
2-2: Foul Ball, location: 2F
2-2: Strikes out swinging
Batting: RHB Marc Peckermark 0-0: Called Strike
0-1: Foul Ball, location: 2F
0-2: Ball
1-2: Fly out, F9 (Flyball, 9LM, EV 86.2 MPH)
Top of the 7th over - 0 runs, 1 hit, 0 errors, 1 left on base; Baltimore 2 - Oakland 2
BOTTOM OF THE 7TH
Oakland Athletics batting - Pitching for Baltimore Orioles : RHP Jay Rapini
Batting: SHB Moe Lester 0-0: Foul Ball, location: 2F
0-1: Ball
1-1: Reached on error, E3 (Groundball, 34S, EV 86.9 MPH)
Batting: LHB Joel Kunkler 0-0: Called Strike
0-1: Called Strike
0-2: Ball
1-2: Ball
2-2: Strikes out swinging
Batting: RHB Muneo Kawachi 0-0: Ball
1-0: Ball
2-0: Ball
3-0: Foul Ball, location: 2F
3-1: Foul Ball, location: 2F
3-2: Strikes out looking
Batting: RHB Edwin Madrid 0-0: Ball
1-0: Called Strike
1-1: Swinging Strike
1-2: Ball
2-2: Ball
3-2: Foul Ball, location: 2F
3-2: Base on Balls
Moe Lester to second
Batting: RHB Nick Gentzel 0-0: Ball
1-0: Ball
2-0: Ball
3-0: Called Strike
3-1: Foul Ball, location: 2F
3-2: Base on Balls
Moe Lester to third
Edwin Madrid to second
Pitching: LHP Aldo Questi
Batting: SHB Quincy Bradford 0-0: Called Strike
0-1: Called Strike
0-2: Ball
1-2: Strikes out swinging
Bottom of the 7th over - 0 runs, 0 hits, 1 error, 3 left on base; Baltimore 2 - Oakland 2
TOP OF THE 8TH
Baltimore Orioles batting - Pitching for Oakland Athletics : RHP Joe Spampinato
Pitching: RHP George Rubio
Batting: RHB Saimei Kudo 0-0: Foul Ball, location: 2F
0-1: Ball
1-1: Foul Ball, location: 2F
1-2: Ball
2-2: Foul Ball, location: 2F
2-2: SINGLE (Groundball, 4MD, EV 99.4 MPH)
Batting: RHB Rudo Garciaparra 0-0: Ball
1-0: Bunted foul
1-1: Ball
2-1: Sac Bunt to 13 - play at first, batter OUT! 1-3
Saimei Kudo to second
Batting: SHB Jason Hayes 0-0: Ball
1-0: Ball
2-0: Ball
3-0: Called Strike
3-1: Foul Ball, location: 2F
3-2: Ground out 6-3 (Groundball, 6, EV 106.9 MPH)
Batting: RHB Vince Jackson 0-0: Ball
1-0: Ground out 6-3 (Groundball, 6S, EV 85.6 MPH)
Top of the 8th over - 0 runs, 1 hit, 0 errors, 1 left on base; Baltimore 2 - Oakland 2
BOTTOM OF THE 8TH
Oakland Athletics batting - Pitching for Baltimore Orioles : LHP Aldo Questi
Batting: RHB Garry Hash 0-0: Ball
1-0: Ball
2-0: Foul Ball, location: 2F
2-1: Foul Ball, location: 2F
2-2: Ground out 1-3 (Groundball, 13, EV 61.9 MPH)
Batting: RHB Jason May 0-0: Ball
1-0: Ball
2-0: Ground out U3 (Groundball, 34, EV 102.5 MPH)
Batting: SHB Ryan Langlois 0-0: Ball
1-0: Fly out, F8 (Flyball, 8RM, EV 89.4 MPH)
Bottom of the 8th over - 0 runs, 0 hits, 0 errors, 0 left on base; Baltimore 2 - Oakland 2
TOP OF THE 9TH
Baltimore Orioles batting - Pitching for Oakland Athletics : RHP George Rubio
Pitching: RHP Mike Pedigo
Batting: LHB Brad Pepin 0-0: Ball
1-0: Called Strike
1-1: SINGLE (Groundball, 6D, EV 100.6 MPH)
Batting: SHB Robert Handy 0-0: Called Strike
0-1: Called Strike
0-2: Strikes out looking
Batting: LHB Tommy Luce 0-0: Ball
1-0: Fly out, F7 (Line Drive, 7, EV 90.6 MPH)
Batting: SHB Gareth Busby 0-0: Called Strike
0-1: Foul Ball, location: 2F
0-2: Strikes out looking
Top of the 9th over - 0 runs, 1 hit, 0 errors, 1 left on base; Baltimore 2 - Oakland 2
BOTTOM OF THE 9TH
Oakland Athletics batting - Pitching for Baltimore Orioles : LHP Aldo Questi
Batting: SHB Moe Lester 0-0: Called Strike
0-1: Ball
1-1: Foul Ball, location: 2F
1-2: Foul Ball, location: 2F
1-2: Fly out, F9 (Flyball, 89D, EV 108.1 MPH)
Batting: LHB Joel Kunkler 0-0: Fly out, F8 (Flyball, 78D, EV 86.9 MPH)
Batting: RHB Muneo Kawachi 0-0: Ball
1-0: Ground out U3 (Groundball, 34, EV 78.1 MPH)
Bottom of the 9th over - 0 runs, 0 hits, 0 errors, 0 left on base; Baltimore 2 - Oakland 2
TOP OF THE 10TH
Baltimore Orioles batting - Pitching for Oakland Athletics : RHP Mike Pedigo
Batting: RHB Marc Peckermark 0-0: Ball
1-0: Ball
2-0: SINGLE (Groundball, 56, EV 102.5 MPH) (infield hit)
Batting: RHB Saimei Kudo 0-0: Called Strike
Marc Peckermark steals 2nd base
0-1: Foul Ball, location: 2F
0-2: Ground out 6-3 (Groundball, 56, EV 103.1 MPH)
Batting: RHB Rudo Garciaparra 0-0: Intentional Walk
Batting: SHB Jason Hayes 0-0: Ball
1-0: Foul Ball, location: 2F
1-1: Foul Ball, location: 2F
1-2: Strikes out swinging
Batting: RHB Vince Jackson 0-0: Ball
1-0: Ball
2-0: Ball
3-0: Called Strike
3-1: Base on Balls
Marc Peckermark to third
Rudo Garciaparra to second
Batting: LHB Brad Pepin 0-0: Ball
1-0: Foul Ball, location: 2F
1-1: Ball
2-1: Ball
3-1: Called Strike
3-2: Strikes out looking
Top of the 10th over - 0 runs, 1 hit, 0 errors, 3 left on base; Baltimore 2 - Oakland 2
BOTTOM OF THE 10TH
Oakland Athletics batting - Pitching for Baltimore Orioles : LHP Aldo Questi
Pitching: RHP Chris Dauphin
Batting: RHB Edwin Madrid 0-0: Ball
1-0: Called Strike
1-1: Ground out 6-3 (Groundball, 6, EV 89.4 MPH)
Batting: RHB Nick Gentzel 0-0: Ball
1-0: Ground out 6-3 (Groundball, 56, EV 96.2 MPH)
Batting: SHB Quincy Bradford 0-0: Fly out, F7 (Line Drive, 78M, EV 91.2 MPH)
Bottom of the 10th over - 0 runs, 0 hits, 0 errors, 0 left on base; Baltimore 2 - Oakland 2
TOP OF THE 11TH
Baltimore Orioles batting - Pitching for Oakland Athletics : RHP Mike Pedigo
Pitching: LHP Bobby Carroll
Batting: SHB Robert Handy 0-0: Hit by Pitch
Batting: LHB Tommy Luce 0-0: Ball
1-0: Sac Bunt to 15 - play at first, batter safe!
Robert Handy to second
Batting: SHB Gareth Busby 0-0: Foul Ball, location: 2F
0-1: Swinging Strike
0-2: Foul Ball, location: 2F
0-2: Ball
1-2: Reached on error, E4 (Groundball, 4, EV 78.1 MPH)
Robert Handy to third
Tommy Luce to second
Batting: RHB Marc Peckermark 0-0: Ball
1-0: Called Strike
1-1: Foul Ball, location: 2F
1-2: Ball
2-2: Ball
3-2: Strikes out swinging
Batting: RHB Saimei Kudo 0-0: Called Strike
0-1: Swinging Strike
0-2: Ball
1-2: Ball
2-2: Fly out, F7 (Flyball, 7S, EV 91.9 MPH)
Batting: RHB Rudo Garciaparra 0-0: Foul Ball, location: 2F
0-1: Ball
1-1: Swinging Strike
1-2: Ball
2-2: Strikes out swinging
Top of the 11th over - 0 runs, 1 hit, 1 error, 3 left on base; Baltimore 2 - Oakland 2
BOTTOM OF THE 11TH
Oakland Athletics batting - Pitching for Baltimore Orioles : RHP Chris Dauphin
Pinch Hitting: LHB Al Hernandez 0-0: Called Strike
0-1: Called Strike
0-2: Ball
1-2: Ball
2-2: SINGLE (Line Drive, 89S, EV 99.4 MPH)
Batting: RHB Jason May 0-0: Ball
1-0: Swinging Strike
1-1: Ball
Wild Pitch!
Al Hernandez to second
2-1: Intentional Walk
Batting: SHB Ryan Langlois 0-0: Called Strike
0-1: Ball
1-1: Ball
2-1: Fly out, F6 (Line Drive, 6, EV 73.8 MPH)
Lined into DP, 6-4 (Line Drive, 6, EV 69.4 MPH)
Batting: SHB Moe Lester 0-0: Ball
1-0: Foul Ball, location: 2F
1-1: Foul Ball, location: 2F
1-2: SINGLE (Groundball, 4S, EV 70.6 MPH) (infield hit)
Jason May to second
Batting: LHB Joel Kunkler 0-0: Called Strike
0-1: Ball
1-1: Foul Ball, location: 2F
1-2: Strikes out swinging
Bottom of the 11th over - 0 runs, 2 hits, 0 errors, 2 left on base; Baltimore 2 - Oakland 2
TOP OF THE 12TH
Baltimore Orioles batting - Pitching for Oakland Athletics : LHP Bobby Carroll
Now at C: Al Hernandez
Batting: SHB Jason Hayes 0-0: Ball
1-0: Ball
2-0: Ball
3-0: Called Strike
3-1: Base on Balls
Batting: RHB Vince Jackson 0-0: Ball
1-0: Foul Ball, location: 2F
1-1: Called Strike
1-2: Grounds into double play, 6-4-3 (Groundball, 6, EV 86.2 MPH)
Batting: LHB Brad Pepin 0-0: Ball
1-0: Ball
2-0: Ball
3-0: Called Strike
3-1: Foul Ball, location: 2F
3-2: Fly out, F8 (Flyball, 8LS, EV 85.6 MPH)
Top of the 12th over - 0 runs, 0 hits, 0 errors, 0 left on base; Baltimore 2 - Oakland 2
BOTTOM OF THE 12TH
Oakland Athletics batting - Pitching for Baltimore Orioles : RHP Chris Dauphin
Pitching: RHP Josh Wollaston
Batting: RHB Muneo Kawachi 0-0: Called Strike
0-1: Called Strike
0-2: Fly out, F3 (Line Drive, 34, EV 68.1 MPH)
Batting: RHB Edwin Madrid 0-0: Fly out, F8 (Flyball, 8LM, EV 85.0 MPH)
Batting: RHB Nick Gentzel 0-0: Swinging Strike
0-1: Swinging Strike
0-2: Strikes out swinging
Bottom of the 12th over - 0 runs, 0 hits, 0 errors, 0 left on base; Baltimore 2 - Oakland 2
TOP OF THE 13TH
Baltimore Orioles batting - Pitching for Oakland Athletics : LHP Bobby Carroll
Batting: SHB Robert Handy 0-0: Ball
1-0: Called Strike
1-1: Ball
2-1: Swinging Strike
2-2: Strikes out swinging
Pinch Hitting: RHB Scott Treider 0-0: Foul Ball, location: 2F
0-1: Ball
1-1: Ball
2-1: Ball
3-1: Swinging Strike
3-2: Base on Balls
Batting: SHB Gareth Busby 0-0: Ball
1-0: Ground out 4-3 (Groundball, 13, EV 89.4 MPH)
Scott Treider to second
Pitching: RHP John Owens
Batting: RHB Marc Peckermark 0-0: Fly out, F8 (Flyball, 8RM, EV 91.2 MPH)
Top of the 13th over - 0 runs, 0 hits, 0 errors, 1 left on base; Baltimore 2 - Oakland 2
BOTTOM OF THE 13TH
Oakland Athletics batting - Pitching for Baltimore Orioles : RHP Josh Wollaston
Now in LF: Scott Treider
Batting: SHB Quincy Bradford 0-0: DOUBLE (Flyball, 89D, EV 95.6 MPH)
Batting: LHB Al Hernandez 0-0: Called Strike
0-1: Ground out 4-3 (Groundball, 4M, EV 92.5 MPH)
Quincy Bradford to third
Batting: RHB Jason May 0-0: Intentional Walk
Batting: SHB Ryan Langlois 0-0: Ball
1-0: Called Strike
1-1: SINGLE (Groundball, 34D, EV 97.5 MPH)
Quincy Bradford scores
Bottom of the 13th over - 1 run, 2 hits, 0 errors, 1 left on base; Baltimore 2 - Oakland 3
Thursday, December 15th , 2022 - OOTP Baseball 23.9 Build 102